 Dungeon Crawl Stone Soup version 0.29.1-15-g9cfb28693d (webtiles) character file.

Game seed: 7204558149741988323

56 growler the Insei (level 3, -1/26 HPs)
             Began as a Merfolk Transmuter on Apr 29, 2023.
             Slain by a kobold
             ... wielding a +0 whip
              (3 damage)
             ... on level 2 of the Dungeon.
             The game lasted 00:03:05 (1912 turns).

growler the Insei (Merfolk Transmuter)              Turns: 1912, Time: 00:03:06

Health: -1/26      AC:  2    Str: 10    XL:     3   Next: 95%
Magic:  7/7        EV: 12    Int: 14    God:
Gold:   86         SH:  0    Dex: 14    Spells: 1/7 levels left

rFire   . . .      SeeInvis .     - Unarmed
rCold   . . .      Faith    .   (no shield)
rNeg    . . .      Spirit   .   a - +0 robe
rPois   .          Reflect  .   (helmet currently unavailable)
rElec   .          Harm     .   (no cloak)
rCorr   .          Rampage  .   (no gloves)
Will    .....                   (boots currently unavailable)
Stlth   +.........              (no amulet)
HPRegen 0.08/turn               (no ring)
MPRegen 0.10/turn               (no ring)

@: appendages (expiring)
A: horns 2, (nimble swimmer 2), mertail
a: End Transformation


You were on level 2 of the Dungeon.
You had temporarily grown beastly horns.
You visited 1 branch of the dungeon, and saw 2 of its levels.

You collected 86 gold pieces.

Inventory:

Armour
 a - a +0 robe (worn)
 c - a +0 pair of boots (melded)
Jewellery
 d - an amulet of magic regeneration
Scrolls
 e - a scroll of teleportation {unknown}
Potions
 b - a potion of lignification
 f - a potion of invisibility {unknown}


   Skills:
 - Level 1.1 Fighting
 - Level 2.6 Dodging
 + Level 4.0 Unarmed Combat
 + Level 2.7 Spellcasting
 + Level 3.8 Transmutations


You had one spell level left.
You knew the following spells:

 Your Spells              Type           Power      Damage    Failure   Level
a - Beastly Appendage     Tmut           24%        N/A       4%          1
b - Wereblood             Tmut           12%        N/A       7%          2
c - Spider Form           Tmut/Pois      7%         N/A       30%         3

Your spell library contained the following spells:

 Spells                   Type           Power      Damage    Failure   Level
 Magic Dart               Conj           4%         1d3       22%         1
 Searing Ray              Conj           2%         2d4       32%         2
 Ice Form                 Ice/Tmut       7%         N/A       69%         4
 Fulminant Prism          Conj/Hex       0%         3d6       91%         4


Dungeon Overview and Level Annotations

Branches:
Dungeon (2/15)

Altars:


Innate Abilities, Weirdness & Mutations

You have temporarily grown beastly horns.
((You are very nimble when in or above water. (Stealth+, EV+, Speed+++)))
Your lower body shifts to a powerful aquatic tail in water.


Message History

Your +0 pair of boots melds into your body.
The kobold shouts!
An endoplasm and a kobold come into view.
Found a stone staircase leading up.
The kobold shouts!
The kobold hits you with a +0 whip.
You barely miss the kobold.
The endoplasm quivers.
Your headbutt misses the kobold. Your punch misses the kobold.
The kobold hits you with a +0 whip.
The ball python hisses angrily.
You hit the kobold.
You kill the kobold!
Your transformation is almost over.
The ball python bites you. The ball python grabs you.
The ball python constricts you.
Things that are here:
a +0 whip; a stone You closely miss the ball python.
The ball python bites you. The ball python constricts you.
The endoplasm hits you. The ball python bites you.
* * * LOW HITPOINT WARNING * * *
The ball python constricts you.
* * * LOW HITPOINT WARNING * * *
You are too injured to fight recklessly!
Unknown command.
You escape the ball python's grasp.
The endoplasm attacks as you move away! The endoplasm misses you.
You hit the endoplasm. You headbutt the endoplasm.
The endoplasm is severely wounded.
The endoplasm freezes you.
You are frozen.
* * * LOW HITPOINT WARNING * * *
You hit the endoplasm.
You kill the endoplasm!
You barely miss the ball python. The ball python barely misses you.
The ball python misses you.
You barely miss the ball python. The ball python barely misses you. x2
The kobold hits you with a +0 whip.
You die...

...##.##.##..##..##....
........................
#####.##.##..##...#.#.##.
......##.##..##...#.#.##.
#####.##.##.............
.......#.##.####......#
#####..#.##.####.##..###.
# #..#.##.##.K.........
#####).#..#.##.#@##.#....
............##.#S# # .
.....................#
###....#..#...........#
........................
.......#..#......##...##
###.........##...# ...# #
#....#..#. #.<.# .... #
#....#..# ..#.# ..##


You could see a ball python and a kobold.

Vanquished Creatures
  3 adders (D:2)
  A dart slug (D:1)
  3 endoplasms
  4 goblins
  3 hobgoblins
  5 ball pythons (D:1)
  2 bats (D:1)
  A frilled lizard (D:2)
  3 kobolds
  4 rats
29 creatures vanquished.

Notes
Turn   | Place    | Note
-------+----------+-------------------------------------------
     0 | D:1      | growler the Merfolk Transmuter began the quest for the Orb.
     0 | D:1      | Reached XP level 1. HP: 15/15 MP: 3/3
    10 | D:1      | Found a faded altar of an unknown god.
   352 | D:1      | Reached XP level 2. HP: 11/21 MP: 3/5
   355 | D:1      | Learned a level 2 spell: Wereblood
  1107 | D:2      | Reached XP level 3. HP: 25/26 MP: 4/6
  1111 | D:2      | Learned a level 3 spell: Spider Form
  1547 | D:2      | Reached skill level 4 in Unarmed Combat
  1912 | D:2      | Slain by a kobold

Illustrated notes

Levels and vault maps discovered:
D:1:      dpeg_arrival_simpleton_a, layout_basic,
          ebering_ecumenical_altar_abandoned
D:2:      layout_basic, minmay_divided_ellipse

Skill      XL: |  1  2  3 |
---------------+----------+-----
Transmutations | 3 |  3.8
Unarmed Combat | 4 |  4.0
Fighting       | |  1.1
Dodging        | |  2.6
Spellcasting   | |  2.7

Action                   || total
-------------------------++-------
Melee: Unarmed           ||    88
       Headbutt          ||     6
 Cast: Beastly Appendage ||    15
 Stab: Sleeping          ||     1
Armor: Robe              ||    10
Dodge: Dodged            ||    51
